 Dungeon Crawl Stone Soup version 0.25.1-2-g60ff931df9 (webtiles) character file.

Game seed: 5300961160824680828

564 funkygono the Shooter (level 7, -4/64 HPs)
             Began as a Gargoyle Hunter on Sept 28, 2020.
             Was an Initiate of Okawaru.
             Slain by a bullfrog (5 damage)
             ... on level 6 of the Dungeon.
             The game lasted 00:11:14 (4673 turns).

funkygono the Shooter (Gargoyle Hunter)             Turns: 4673, Time: 00:11:14

Health: -4/64      AC: 23    Str: 17    XL:     7   Next: 32%
Magic:  7/7        EV:  2    Int: 12    God:    Okawaru [......]
Gold:   229        SH:  0    Dex: 10    Spells: 6/6 levels left

rFire    x . .     SeeInvis .   a - +2 whip (venom)
rCold    + . .     Gourm    .   (no shield)
rNeg     + + +     Faith    .   (armour currently unavailable)
rPois    ∞         Spirit   .   (helmet currently unavailable)
rElec    .         Reflect  .   (cloak currently unavailable)
rCorr    .         Harm     .   (gloves currently unavailable)
MR       .....     NoTele   +   (boots currently unavailable)
Stlth    ++........             (no amulet)
HPRegen  0.20/turn              k - ring of ice
MPRegen  0.10/turn              (no ring)

@: tree-form
A: negative energy resistance 1, petrification resistance, rot immunity, AC +4
a: Renounce Religion


You were on level 6 of the Dungeon.
You worshipped Okawaru.
Okawaru was noncommittal.
You were hungry.
You were a tree.
You visited 2 branches of the dungeon, and saw 7 of its levels.

You collected 229 gold pieces.

Inventory:

Hand Weapons
 a - a +2 whip of venom (weapon)
 b - a +1 shortbow
 e - a +0 short sword
 g - a +0 flail
 j - a +0 club
 v - the +0 arbalest "Jewnoof" {venom, Str+2 Dex+2, unknown}
   (You found it on level 5 of the Dungeon)

   It poisons the ammo it fires.
   It affects your strength (+2).
   It affects your dexterity (+2).
Missiles
 d - 49 arrows
Armour
 i - a +0 helmet (melded)
 m - a +0 scale mail
 x - a +0 plate armour (melded)
Jewellery
 k - a ring of ice (left branch)
Scrolls
 l - 6 scrolls of teleportation
 t - 2 scrolls of remove curse
 y - a scroll of amnesia
Potions
 h - a potion of invisibility
 n - 2 potions of resistance
 o - a potion of flight {unknown}
 p - a potion of magic
 q - a potion of mutation
 s - 6 potions of curing
 u - a potion of lignification
 w - a potion of heal wounds {unknown}
Comestibles
 f - 2 rations


   Skills:
 + Level 4.2 Fighting
 + Level 1.2 Short Blades
 + Level 2.0 Maces & Flails
 + Level 6.4 Bows
 + Level 3.0 Armour
 + Level 2.0 Dodging
 + Level 1.4 Stealth


You had 6 spell levels left.
You didn't know any spells.
Your spell library was empty.

Dungeon Overview and Level Annotations

Branches:
Dungeon (6/15)             Temple (1/1) D:5

Altars:
Ashenzari
Cheibriados
Dithmenos
Elyvilon
Fedhas
Gozag
Hepliaklqana
Kikubaaqudgha
Makhleb
Nemelex Xobeh
Okawaru
Qazlal
Ru
Sif Muna
Trog
Uskayaw
Wu Jian
Xom
Yredelemnul
Zin
The Shining One

Shops:
D:4 [(   D:5 }


Innate Abilities, Weirdness & Mutations

You are resistant to torment.
((Your stone body is resilient. (AC +4)))
You are immune to poison.
You resist negative energy. (rN+)
((You are resistant to electric shocks. (rElec)))
((You can survive without breathing.))
You are immune to petrification.
You are immune to rotting.
((Your large and strong wings let you fly indefinitely.))
((You are partially covered in large bone plates. (SH +4)))


Message History

* * * LOW HITPOINT WARNING * * *
You completely miss the bullfrog.
The bullfrog is heavily wounded.
The bullfrog hits you but does no damage.
The bullfrog hits you.
* * * LOW HITPOINT WARNING * * *
It was a potion of magic.
Magic courses through your body. The bullfrog hits you.
* * * LOW HITPOINT WARNING * * *
It was a potion of mutation.
You feel extremely strange.
Your wings grow larger and stronger.
Large bone plates grow over parts of your arms.
You hear the slow hiss of an avalanche of sand nearby.
The bullfrog barely misses you. The bullfrog hits you.
* * * LOW HITPOINT WARNING * * *
It was a potion of lignification.
You turn into a tree.
Your +0 helmet melds into your body.
Your +0 plate armour melds into your body.
Your roots penetrate the ground.
The bullfrog hits you.
You die...

..##
#..............##
##...............##.
.#...................
............. ......8
............ o......
.........#.###.......
.......)##.##.o......
#..♣#o.h<##......
.......#Fo...# ##...
.....####o.....# .
.... #......## ...
#..##### .. #.... .
...... ...##..# .##
#...


You could see a bullfrog (poisoned) and 2 orcs.

Vanquished Creatures
  A howler monkey (D:4)
  3 hounds
  4 orc priests
  Terence (D:2)
  An iguana (D:4)
  2 worker ants
  Robin (D:2)
  4 gnolls (D:2)
  6 adders
  An adder zombie (D:5)
  5 dart slugs
  A leopard gecko (D:2)
  13 orcs
  6 giant cockroaches
  16 goblins
  7 hobgoblins
  7 jackals
  3 quokkas
  7 bats
  3 frilled lizards
  A giant cockroach zombie (D:5)
  4 kobolds
  7 rats
104 creatures vanquished.

Vanquished Creatures (others)
  An adder (D:2)
  An orc (D:3)
2 creatures vanquished.

Grand Total: 106 creatures vanquished

Notes
Turn   | Place    | Note
-------+----------+-------------------------------------------
     0 | D:1      | funkygono the Gargoyle Hunter began the quest for the Orb.
     0 | D:1      | Reached XP level 1. HP: 12/12 MP: 1/1
   162 | D:1      | Reached XP level 2. HP: 14/18 MP: 2/2
   953 | D:2      | Reached XP level 3. HP: 22/22 MP: 3/3
   978 | D:2      | Noticed Robin
  1018 | D:2      | HP: 1/22 [Robin/+0 club (2)]
  1020 | D:2      | Killed Robin
  1369 | D:2      | Reached skill level 1 in Armour
  1387 | D:2      | Reached XP level 4. HP: 28/28 MP: 4/4
  1392 | D:2      | Reached skill level 1 in Short Blades
  1427 | D:2      | Reached skill level 5 in Bows
  1563 | D:2      | Noticed Terence
  1577 | D:2      | Killed Terence
  1577 | D:2      | Reached XP level 5. HP: 29/32 MP: 5/5
  1911 | D:2      | Found a stormy altar of Qazlal.
  2778 | D:3      | Reached skill level 1 in Maces & Flails
  2778 | D:3      | Reached XP level 6. HP: 37/37 MP: 6/6
  3077 | D:3      | Found an opulent altar of Gozag.
  3078 | D:3      | Found a sparkling altar of Nemelex Xobeh.
  3652 | D:4      | Found Cehunuef's Weapon Shoppe.
  3687 | D:4      | Found Wuosa's Antique Armour Boutique.
  3824 | D:5      | Entered Level 5 of the Dungeon
  3926 | D:5      | Got an ebony arbalest
  4007 | D:5      | Reached skill level 6 in Bows
  4026 | D:5      | Found a staircase to the Ecumenical Temple.
  4073 | D:5      | Found a burning altar of Makhleb.
  4089 | D:5      | Reached XP level 7. HP: 37/42 MP: 7/7
  4254 | D:5      | Found Mujoq's Gadget Shoppe.
  4442 | Temple   | Entered the Ecumenical Temple
  4484 | Temple   | Became a worshipper of Warmaster Okawaru
  4671 | D:6      | HP: 1/43 [bullfrog (4)]
  4672 | D:6      | Gained mutation: Your large and strong wings let you fly
                  | indefinitely. [potion of mutation]
  4672 | D:6      | Gained mutation: You are partially covered in large bone
                  | plates. (SH +4) [potion of mutation]
  4673 | D:6      | Slain by a bullfrog

Illustrated notes

Levels and vault maps discovered:
D:1:      lemuel_arrival_rhombus, layout_loops_ring, dk_noncrumbling_4,
          serial_park_tiny_pond
D:2:      layout_rooms, lemuel_doored_altar, first_ration, roderic_lattice_a,
          chequers_mini_garden, lemuel_old_faithful, uniq_robin, uniq_terence
D:3:      layout_basic, grunt_temple_overflow_opulence
D:4:      layout_cave_pools, serial_shops, shop, shop
D:5:      layout_cave_pools, makhleb_heckhound_becter,
          minmay_temple_entry_mini_moons, serial_shops, shop
D:6:      layout_cave_pools, lightli_ossuary_entry_decrepit_ruins,
          nicolae_dithmenos_shadow_blocks, uniq_blork_the_orc
Temple:   minmay_crystal_spiral_temple

Skill      XL: |  1  2  3  4  5  6  7 |
---------------+----------------------+-----
Fighting       | 3 4 |  4.2
Armour         | 1 2 3 |  3.0
Short Blades   | 1 |  1.2
Bows           | 5 6 |  6.4
Maces & Flails | 1 2 |  2.0
Dodging        | 2 |  2.0
Stealth        | |  1.4

Action                   |  1- 3 |  4- 6 |  7- 9 || total
-------------------------+-------+-------+-------++-------
Melee: Short sword       |    66 |       |       ||    66
       Flail             |       |    85 |       ||    85
       Whip              |       |    61 |    47 ||   108
 Fire: Shortbow          |    44 |   125 |     9 ||   178
  Use: Scroll            |     3 |     7 |     1 ||    11
       Potion            |       |     1 |     4 ||     5
 Stab: Invisible         |       |     1 |       ||     1
  Eat: Chunk             |     1 |     6 |     1 ||     8
       Ration            |       |     1 |       ||     1
Armor: Leather armour    |    22 |     5 |       ||    27
       Scale mail        |       |    61 |       ||    61
       Plate armour      |       |    30 |    45 ||    75
Dodge: Dodged            |    52 |    79 |    17 ||   148
